 Dungeon Crawl Stone Soup version 0.31-a0-1529-g7bd419a0e5 (webtiles) character file.

Game seed: 11170024504299432207

3530 wildpjah the Carver (level 10, -1/77 HPs)
             Began as a Formicid Fighter on Dec 31, 2023.
             Was an Initiate of Hepliaklqana.
             Slain by a centaur warrior (4 damage)
             ... on level 8 of the Dungeon.
             The game lasted 00:15:22 (6595 turns).

wildpjah the Carver (Formicid Fighter)              Turns: 6595, Time: 00:15:22

Health: -1/77      AC: 21    Str: 24    XL:     10   Next: 29%
Magic:  10/10      EV:  7    Int:  7    God:    Hepliaklqana [......]
Gold:   239        SH:  7    Dex: 17    Spells: 9/9 levels left

rFire   . . .        C - +4 falchion "Hoig" {spect, rElec}
rCold   . . .        c - +0 buckler
rNeg    . . .        g - +0 plate armour
rPois   .            (helmet unavailable)
rElec   +            K - +0 cloak
rCorr   .            I - +0 pair of gloves
SInv    +            f - +0 pair of boots
Will    +....        F - amulet of regeneration Stlth
                     s - +2 ring of strength
HPRegen 1.12/turn    J - ring "Siwatix" {Fly AC+4 SInv}
MPRegen 0.12/turn

%: no passive effects
@: flying, fire susceptible
A: permanent stasis, dig shafts and tunnels, antennae 3, four strong arms
a: Dig, Shaft Self, Renounce Religion


You were on level 8 of the Dungeon.
You worshipped Hepliaklqana.
Hepliaklqana was noncommittal.
You visited 2 branches of the dungeon, and saw 9 of its levels.

You collected 467 gold pieces.
You spent 228 gold pieces at shops.

Inventory:

Hand Weapons
 a - a +0 long sword
 e - a +0 falchion
 w - a +2 dagger of draining
 C - the +4 falchion "Hoig" (weapon) {spect, rElec}
   (You bought it in a shop on level 4 of the Dungeon)

   rElec:     It insulates you from electricity.
 E - a +0 short sword of speed
Missiles
 j - 9 javelins
 z - a throwing net
 H - 7 boomerangs
Armour
 c - a +0 buckler (worn)
 f - a +0 pair of boots (worn)
 g - a +0 plate armour (worn)
 I - a +0 pair of gloves (worn)
 K - a +0 cloak (worn)
Jewellery
 s - a +2 ring of strength (left hand)
 u - a +4 ring of protection
 v - a ring of fire
 y - a ring of protection from fire
 F - an amulet of regeneration (around neck)
 J - the ring "Siwatix" (right hand) {Fly AC+4 SInv}
   (You found it on level 8 of the Dungeon)

   [ring of protection]

   AC+4:      It affects your AC (+4).
   SInv:      It lets you see invisible.
   Fly:       It grants you flight.
 N - an amulet of magic regeneration
Wands
 P - a wand of iceblast (6) (quivered)
Scrolls
 b - a scroll of amnesia {unknown}
 h - 3 scrolls of enchant armour {unknown}
 k - 9 scrolls of identify {unknown}
 q - a scroll of enchant weapon {unknown}
 r - 2 scrolls of revelation {unknown}
 t - a scroll of poison {unknown}
 x - 4 scrolls of teleportation {unknown}
 A - 2 scrolls of vulnerability {unknown}
 B - a scroll of noise {unknown}
 D - a scroll of fear {unknown}
 G - a scroll of immolation {unknown}
Potions
 d - 2 potions of might
 i - 3 potions of lignification {unknown}
 l - 2 potions of cancellation {unknown}
 m - a potion of degeneration {unknown}
 n - a potion of brilliance {unknown}
 o - 2 potions of curing {unknown}
 p - a potion of haste {unknown}
 L - a potion of heal wounds {unknown}
 M - a potion of invisibility {unknown}
 O - a potion of magic {unknown}


   Skills:
 + Level 6.4 Fighting
 + Level 9.6 Long Blades
 + Level 0.2 Throwing
 + Level 8.0 Armour
 + Level 1.0 Dodging
 + Level 1.7 Stealth
 + Level 8.8 Shields


You had 9 spell levels left.
You didn't know any spells.
Your spell library contained the following spells:

 Spells                   Type           Power      Damage    Failure   Level
 Volatile Blastmotes      Fire/Tloc      0%         2d10      100%        3
 Iskenderun's Mystic Bla  Conj/Tloc      0%         2d3       100%        4
 Sticky Flame             Fire/Alch      0%         2d4       100%        4


Dungeon Overview and Level Annotations

Branches:
Dungeon (8/15)             Temple (1/1) D:4            Lair (0/5) D:8

Altars:
Dithmenos
Fedhas
Hepliaklqana
Kikubaaqudgha
Makhleb
Nemelex Xobeh
Qazlal
Sif Muna
Trog
Uskayaw
Wu Jian
Xom
Yredelemnul
Zin
The Shining One
Ignis

Shops:
D:4 (=   D:5 =


Innate Abilities, Weirdness & Mutations

You cannot be hasted, slowed, berserked, paralysed or teleported.
You can dig through walls and to a lower floor.
You have a pair of large antennae on your head. (SInv)
Your four strong arms can wield two-handed weapons with a shield.


Message History

The mass of ice explodes!
The iceblast engulfs the centaur!
The centaur is severely wounded.
The centaur shoots an arrow.
The arrow hits you but does no damage.
Aiming: Iceblast
Press: ? - help, Q - select action, (/) - cycle Shift-Dir - straight line, f/p - centaur
Aim: a centaur, wielding a +0 orcbow (severely wounded)
The mass of ice explodes!
The iceblast engulfs the centaur!
You kill the centaur!
You hear two shouts!
Your Armour skill increases to level 8!
Aiming: Iceblast
Press: ? - help, Q - select action, (/) - cycle Shift-Dir - straight line, f - centaur warrior
Aim: a centaur warrior, wielding a +0 orcbow (lightly wounded)
The mass of ice explodes!
The iceblast engulfs the centaur warrior!
The centaur warrior is moderately wounded.
The centaur warrior shoots an arrow.
The arrow hits you!
* * * LOW HITPOINT WARNING * * *
Aiming: Iceblast
Press: ? - help, Q - select action, (/) - cycle Shift-Dir - straight line, f/p - centaur warrior
Aim: a centaur warrior, wielding a +0 orcbow (lightly wounded)
The mass of ice explodes!
The iceblast engulfs the centaur warrior!
The centaur warrior is heavily wounded.
Aiming: Iceblast
Press: ? - help, Q - select action, (/) - cycle Shift-Dir - straight line, f/p - centaur warrior
Aim: a centaur warrior, wielding a +0 orcbow (heavily wounded)
The mass of ice explodes!
The iceblast engulfs the centaur warrior!
The centaur warrior is severely wounded.
The centaur warrior shoots an arrow.
You block the arrow.
The centaur warrior shoots an arrow.
The arrow hits you!
* * * LOW HITPOINT WARNING * * *
The centaur warrior unwields a +0 orcbow.
The centaur warrior hits you but does no damage.
You block the centaur warrior's attack.
You hit the centaur warrior.
The centaur warrior is severely wounded.
The centaur warrior hits you.
You die...

### #.# #.#
#.###########
#.gc@........
#$###########
##{........#
#.{#######.####
#.## #....#
#..#
######....#
....#
#.........#
#{..c.#
#####.....#
#g....# #.....#


You could see a centaur warrior and a gnoll sergeant.

Vanquished Creatures
  A two-headed ogre (D:7)
  4 yaks (D:4)
  3 fire elementals (D:8)
  A steam dragon (D:7)
  An ice beast (D:5)
  An ogre (D:5)
  2 black bears
  3 centaurs
  3 kobold brigands
  2 bullfrogs (D:7)
  4 scorpions
  5 wights (D:5)
  2 electric eels (D:6)
  A crimson imp (D:5)
  3 jellies
  2 hounds
  An orc priest (D:5)
  2 iguanas
  3 orc wizards
  A sleepcap (D:7)
  13 gnolls (D:6)
  10 adders
  3 shadow imps
  A white imp (D:7)
  2 ufetubi (D:7)
  2 dart slugs
  A ribbon worm (D:2)
  13 orcs
  5 ball pythons
  6 bats
  7 endoplasms
  23 hobgoblins
  2 jackals (D:1)
  3 quokkas
  A frilled lizard (D:3)
  30 goblins
  20 kobolds
  2 rats (D:2)
189 creatures vanquished.

Vanquished Creatures (others)
  An orc wizard (D:6)
  A hobgoblin (D:6)
  71 foxfires
73 creatures vanquished.

Grand Total: 262 creatures vanquished

Notes
Turn   | Place    | Note
-------+----------+-------------------------------------------
     0 | D:1      | wildpjah the Formicid Fighter began the quest for the Orb.
     0 | D:1      | Reached XP level 1. HP: 18/18 MP: 1/1
   340 | D:1      | Reached XP level 2. HP: 24/24 MP: 2/2
   913 | D:2      | Reached XP level 3. HP: 18/30 MP: 3/3
  1222 | D:2      | Found a faded altar of an unknown god.
  1240 | D:2      | Prayed at the altar of an unknown god.
  1240 | D:2      | Became a worshipper of Ignis, the Dying Flame
  1418 | D:2      | Reached XP level 4. HP: 37/37 MP: 4/4
  2108 | D:4      | Found a staircase to the Ecumenical Temple.
  2118 | Temple   | Entered the Ecumenical Temple
  2202 | D:4      | Noticed a scorpion
  2209 | D:4      | Killed a scorpion
  2210 | D:4      | Reached skill level 3 in Long Blades
  2210 | D:4      | Reached XP level 5. HP: 37/42 MP: 5/5
  2288 | D:4      | Found Xofojyrph's One-of-a-Kind Rings.
  2292 | D:4      | Bought a +2 ring of strength for 36 gold pieces
  2448 | D:4      | Reached skill level 5 in Shields
  2498 | D:4      | Found a glowing golden altar of the Shining One.
  2649 | D:4      | Found Dories's Antique Weapon Emporium.
  2700 | D:4      | Noticed a black bear
  2708 | D:4      | Killed a black bear
  2709 | D:4      | Reached XP level 6. HP: 47/48 MP: 6/6
  2731 | D:4      | Noticed a yak
  2732 | D:4      | Noticed a yak
  2733 | D:4      | Noticed a yak
  2736 | D:4      | Noticed a yak
  2738 | D:4      | Killed a yak
  2739 | D:4      | Reached skill level 4 in Long Blades
  2739 | D:4      | Reached skill level 5 in Armour
  2739 | D:4      | Reached XP level 7. HP: 54/54 MP: 7/7
  2742 | D:4      | Killed a yak
  2748 | D:4      | Killed a yak
  2749 | D:4      | Reached skill level 5 in Long Blades
  2754 | D:4      | Killed a yak
  2755 | D:4      | Reached XP level 8. HP: 18/61 MP: 8/8
  3074 | D:5      | Entered Level 5 of the Dungeon
  3078 | D:5      | Reached skill level 6 in Long Blades
  3292 | D:5      | Found Zoakhaylau's Jewellery Emporium.
  3422 | D:5      | Reached XP level 9. HP: 67/67 MP: 9/9
  3469 | D:4      | Bought an iridescent falchion for 192 gold pieces
  3469 | D:4      | Identified the +4 falchion "Hoig" {spect, rElec} (You
                  | bought it in a shop on level 4 of the Dungeon)
  3585 | D:5      | Reached skill level 7 in Long Blades
  3686 | D:5      | Found a shimmering altar of Xom.
  3694 | D:5      | Found a burning altar of Makhleb.
  4015 | D:6      | Reached skill level 5 in Fighting
  4595 | D:6      | Reached skill level 1 in Stealth
  4738 | D:6      | Reached skill level 8 in Long Blades
  5348 | D:7      | Found a stormy altar of Qazlal.
  5477 | D:7      | Got Urry's Octavo of Hyperbolic Chrysopoeia
  5704 | D:7      | Found a shimmering blue altar of Sif Muna.
  5745 | D:7      | Noticed a two-headed ogre
  5753 | D:7      | Killed a two-headed ogre
  5754 | D:7      | Reached skill level 9 in Long Blades
  5754 | D:7      | Reached XP level 10. HP: 69/77 MP: 10/10
  5869 | Temple   | Fell from the grace of Ignis
  5869 | Temple   | Became a worshipper of Hepliaklqana the Forgotten
  6097 | D:8      | Identified the ring "Siwatix" {Fly AC+4 SInv}
  6210 | D:8      | Found a staircase to the Lair.
  6217 | D:8      | Found a bloodstained altar of Trog.
  6421 | D:8      | Reached skill level 1 in Dodging
  6527 | D:8      | Found a shadowy altar of Dithmenos.
  6580 | D:8      | Noticed a centaur warrior
  6593 | D:8      | HP: 1/77 [centaur warrior/arrow (17)]
  6595 | D:8      | Slain by a centaur warrior

Illustrated notes

Levels and vault maps discovered:
D:1:      dpeg_arrival_arbitrary_a, layout_loops_ring
D:2:      wander_river, layout_loops_ring,
          shapermc_ecumenical_altar_mp_ritualfount
D:3:      layout_basic
D:4:      layout_loops_ring, nicolae_tso_swordbearing_angel, temple_fountains,
          serial_shops, shop, nicolae_shop_unique_rings,
          chequers_serial_rivers_micro_b, kennysheep_generic_room_2
D:5:      layout_rooms, grunt_temple_overflow_champion_of_chaos, serial_shops,
          nicolae_shop_getting_attention
D:6:      minmay_goblin_kobold_castle, layout_loops_ring, grunt_decor_resistance
D:7:      layout_loops_cross, kennysheep_mini_moat, mainiacjoe_overflow_24_doors
D:8:      layout_basic, mainiacjoe_overflow_catwalk,
          nicolae_overflow_hidden_temple, mainiacjoe_overflow_big_doors,
          dpeg_oklobed_lair, minmay_three_doors
Temple:   nicolae_temple_godpark

Skill      XL: |  1  2  3  4  5  6  7  8  9 10 |
---------------+-------------------------------+-----
Armour         | 4 5 6 7 8 |  8.0
Fighting       | 4 6 |  6.4
Long Blades    | 3 4 5 6 9 |  9.6
Shields        | 5 7 8 |  8.8
Stealth        | 1 |  1.7
Dodging        | 1 |  1.0
Throwing       | |  0.2

Action                     |  1- 3 |  4- 6 |  7- 9 | 10-12 || total
---------------------------+-------+-------+-------+-------++-------
  Melee: Falchion          |   114 |    59 |   281 |    34 ||   488
  Throw: Throwing net      |       |       |     1 |       ||     1
         Boomerang         |       |       |       |     2 ||     2
 Invoke: Fiery Armour      |       |     2 |     3 |       ||     5
         Foxfire Swarm     |       |     1 |     4 |       ||     5
         Rising Flame      |       |       |       |     1 ||     1
  Evoke: Wand              |       |       |       |     5 ||     5
   Stab: Distracted        |       |       |     2 |       ||     2
 Armour: Scale mail        |     2 |       |       |       ||     2
         Plate armour      |   117 |    57 |   242 |    57 ||   473
  Dodge: Dodged            |    31 |    20 |    96 |    14 ||   161
  Block: Buckler           |    42 |    10 |    98 |    15 ||   165

Table legend: (Time is in decaauts)
 A = Elapsed time spent in this place.
 B = Non-inter-level travel time spent in this place.
 C = Inter-level travel time spent in this place.
 D = Time resting spent in this place.
 E = Time spent auto-exploring this place.
 F = Levels seen in this place.
 G = Mean time per level.
                   A        B        C        D        E       F      G
               +--------+--------+--------+--------+--------+-----+--------+
         Total |   6646 |   6269 |    377 |     30 |   4966 |   9 |  738.4 |
       Dungeon |   6622 |   6265 |    357 |     30 |   4966 |   8 |  827.8 |
        Temple |     23 |      4 |     19 |      0 |      0 |   1 |   23.0 |
               +--------+--------+--------+--------+--------+-----+--------+

Top non-repeatable levels by time:
     D:6: 1264 daAuts
     D:4: 1112 daAuts
     D:1: 837 daAuts
     D:5: 837 daAuts
     D:7: 772 daAuts
     D:2: 717 daAuts
     D:3: 588 daAuts
     D:8: 493 daAuts
  Temple: 23 daAuts
